[ AOE2 MATCH · #482045514 ]
Team RMRomans vs Maya
Player's team · LOSS
[ REPLAY ANALYSIS · EXTRACTED FROM THE RECORDED GAME ]
Feudal
15:30
Castle
22:41
Imperial
42:27
| APM avg | 28.4 |
| APM peak | 89 |
| eAPM avg | 24.6 |
| Villagers / military | 239 / 362 |
Focus
⚔️ 43.6% · 🌾 56.4%
Skirmisher ×137 · Centurion ×78 · Archer ×58 · Scorpion ×50 · Militia ×30 · Spearman ×5
Feudal
12:04
Castle
16:07
Imperial
39:06
| APM avg | 16.0 |
| APM peak | 54 |
| eAPM avg | 9.2 |
| Villagers / military | 105 / 364 |
Focus
⚔️ 35.7% · 🌾 64.3%
Eagle Scout ×307 · Plumed Archer ×48 · Trade Cart ×12 · Monk ×7 · Trebuchet (Packed) ×2
Feudal
11:01
Castle
17:43
Imperial
37:27
| APM avg | 34.4 |
| APM peak | 95 |
| eAPM avg | 11.8 |
| Villagers / military | 104 / 27 |
Focus
⚔️ 45.4% · 🌾 54.6%
Unknown (2579) ×202 · Spearman ×22 · Trade Cart ×7 · Trebuchet (Packed) ×4 · Monk ×1
Feudal
14:47
Castle
18:20
Imperial
36:25
| APM avg | 6.9 |
| APM peak | 34 |
| eAPM avg | 5.0 |
| Villagers / military | 53 / 76 |
Focus
⚔️ 23.9% · 🌾 76.1%
Scout Cavalry ×66 · Scorpion ×7 · Battle Elephant ×2 · Monk ×1
Feudal
13:38
Castle
26:48
Imperial
63:20
| APM avg | 21.1 |
| APM peak | 47 |
| eAPM avg | 11.7 |
| Villagers / military | 122 / 232 |
Focus
⚔️ 41.9% · 🌾 58.1%
Huskarl ×133 · Militia ×76 · Spearman ×18 · Trade Cart ×17 · Battering Ram ×4 · Monk ×1
Feudal
13:19
Castle
20:53
Imperial
34:57
| APM avg | 46.2 |
| APM peak | 124 |
| eAPM avg | 16.9 |
| Villagers / military | 76 / 317 |
Focus
⚔️ 49.3% · 🌾 50.7%
Woad Raider ×266 · Militia ×17 · Scorpion ×11 · Spearman ×11 · Trebuchet (Packed) ×6 · Knight ×5
Match map
Initial resources + every placement click. Lines = walls · curves = elevation contours. ◆ gold · ⬟ stone · ● berries · ✦ relic · ◌ wall gap
Your base· Open — unwalled flank
AirPerrone's base· Open — unwalled flank
Yelmite's base· Open — unwalled flank
RAFAEL CORREA DELGADO's base· Open — unwalled flank
Ringed_bagels's base· Open — 6t gap
EL SANTO PADRE EL ORIGINAL's base· Open — unwalled flank
Smoothed initial terrain · ◌ = detected wall gap · hover for details
Inputs per minute
— EL_PUERCO_REDENTOR - - AirPerrone
Build order — EL_PUERCO_REDENTOR
First 150 of 764 actions detected
| 0:11 | Research | Loom |
| 0:11 | Create | Villager (Male) |
| 0:12 | Create | Villager (Male) |
| 0:12 | Create | Villager (Male) |
| 0:12 | Create | Villager (Male) |
| 0:12 | Create | Villager (Male) |
| 0:34 | Build | House |
| 0:35 | Build | House |
| 0:36 | Build | House |
| 2:03 | Create | Villager (Male) |
| 2:03 | Create | Villager (Male) |
| 3:07 | Create | Villager (Male) |
| 3:07 | Create | Villager (Male) |
| 3:17 | Create | Villager (Male) |
| 4:15 | Create | Villager (Male) |
| 4:15 | Create | Villager (Male) |
| 4:15 | Create | Villager (Male) |
| 4:48 | Create | Villager (Male) |
| 5:03 | Create | Villager (Male) |
| 5:03 | Create | Villager (Male) |
| 5:30 | Create | Villager (Male) |
| 5:30 | Create | Villager (Male) |
| 6:09 | Create | Villager (Male) |
| 6:10 | Create | Villager (Male) |
| 6:10 | Create | Villager (Male) |
| 6:43 | Build | Lumber Camp |
| 6:44 | Create | Villager (Male) |
| 6:45 | Create | Villager (Male) |
| 6:52 | Build | House |
| 7:02 | Create | Villager (Male) |
| 7:02 | Create | Villager (Male) |
| 7:24 | Build | House |
| 7:26 | Create | Villager (Male) |
| 7:26 | Create | Villager (Male) |
| 7:46 | Create | Villager (Male) |
| 7:46 | Create | Villager (Male) |
| 8:08 | Build | Palisade Wall |
| 8:10 | Create | Villager (Male) |
| 8:21 | Create | Villager (Male) |
| 8:21 | Create | Villager (Male) |
| 8:53 | Create | Villager (Male) |
| 8:53 | Create | Villager (Male) |
| 8:53 | Create | Villager (Male) |
| 9:01 | Create | Villager (Male) |
| 9:01 | Create | Villager (Male) |
| 9:22 | Build | Palisade Gate |
| 9:24 | Create | Villager (Male) |
| 9:24 | Create | Villager (Male) |
| 9:40 | Create | Villager (Male) |
| 9:40 | Create | Villager (Male) |
| 9:56 | Build | Mill |
| 10:06 | Build | Palisade Wall |
| 10:08 | Create | Villager (Male) |
| 10:08 | Create | Villager (Male) |
| 10:50 | Build | House |
| 11:11 | Build | Mining Camp |
| 11:20 | Build | House |
| 11:57 | Build | Barracks |
| 13:20 | Research | Feudal Age |
| 14:14 | Build | Mining Camp |
| 14:24 | Create | Militia |
| 14:24 | Create | Militia |
| 14:25 | Create | Militia |
| 14:25 | Create | Militia |
| 14:25 | Create | Militia |
| 14:25 | Create | Militia |
| 14:27 | Create | Villager (Male) |
| 14:27 | Create | Villager (Male) |
| 14:27 | Create | Villager (Male) |
| 15:30 | Age | Feudal Age |
| 15:38 | Research | Man-at-Arms (upgrade) |
| 16:15 | Build | Farm |
| 16:16 | Build | Farm |
| 16:16 | Build | Farm |
| 16:18 | Build | Farm |
| 16:18 | Build | Farm |
| 16:19 | Build | Farm |
| 16:45 | Build | Blacksmith |
| 17:02 | Build | House |
| 17:04 | Build | House |
| 17:16 | Build | Farm |
| 17:20 | Build | Farm |
| 17:26 | Build | Farm |
| 18:01 | Build | Stable |
| 18:10 | Research | Forging |
| 18:16 | Build | Farm |
| 18:43 | Build | Farm |
| 18:44 | Build | Farm |
| 18:45 | Build | Farm |
| 18:47 | Build | Farm |
| 18:48 | Build | Farm |
| 18:49 | Build | Farm |
| 20:01 | Research | Castle Age |
| 20:03 | Create | Militia |
| 20:04 | Create | Militia |
| 20:04 | Create | Militia |
| 20:20 | Research | Scale Mail Armor |
| 21:12 | Research | Scale Barding Armor |
| 22:12 | Build | House |
| 22:13 | Build | House |
| 22:14 | Build | House |
| 22:15 | Build | House |
| 22:16 | Build | House |
| 22:18 | Build | House |
| 22:26 | Research | Bloodlines |
| 22:41 | Age | Castle Age |
| 22:45 | Create | Villager (Male) |
| 22:45 | Create | Villager (Male) |
| 22:45 | Create | Villager (Male) |
| 22:46 | Create | Villager (Male) |
| 22:46 | Create | Villager (Male) |
| 22:46 | Create | Villager (Male) |
| 22:54 | Build | Castle |
| 22:57 | Research | Husbandry |
| 23:02 | Research | Long Swordsman (upgrade) |
| 23:04 | Create | Villager (Male) |
| 23:04 | Create | Villager (Male) |
| 23:27 | Build | Town Center |
| 23:42 | Create | Villager (Male) |
| 23:54 | Research | Squires |
| 24:03 | Research | Light Cavalry (upgrade) |
| 24:05 | Create | Villager (Male) |
| 24:05 | Create | Villager (Male) |
| 24:35 | Create | Villager (Male) |
| 24:35 | Create | Villager (Male) |
| 24:35 | Create | Villager (Male) |
| 24:35 | Create | Villager (Male) |
| 24:35 | Create | Villager (Male) |
| 25:06 | Create | Centurion |
| 25:06 | Create | Centurion |
| 25:06 | Create | Centurion |
| 25:25 | Create | Villager (Male) |
| 25:25 | Create | Villager (Male) |
| 25:33 | Build | Farm |
| 25:34 | Build | Farm |
| 26:02 | Build | Gate |
| 26:04 | Create | Villager (Male) |
| 26:04 | Create | Villager (Male) |
| 26:04 | Create | Villager (Male) |
| 26:08 | Build | Farm |
| 26:12 | Create | Centurion |
| 26:25 | Create | Villager (Male) |
| 26:32 | Create | Centurion |
| 26:32 | Create | Centurion |
| 26:44 | Create | Militia |
| 26:44 | Create | Militia |
| 26:53 | Build | Farm |
| 26:57 | Create | Villager (Male) |
| 26:57 | Create | Villager (Male) |
| 27:02 | Create | Centurion |
Build order — AirPerrone
First 150 of 331 actions detected
| 0:02 | Build | House |
| 0:05 | Build | House |
| 0:08 | Create | Villager (Male) |
| 0:09 | Create | Villager (Male) |
| 0:09 | Create | Villager (Male) |
| 1:43 | Create | Villager (Male) |
| 2:18 | Create | Villager (Male) |
| 2:43 | Create | Villager (Male) |
| 2:45 | Create | Villager (Male) |
| 3:17 | Create | Villager (Male) |
| 3:34 | Build | Lumber Camp |
| 3:40 | Build | House |
| 3:46 | Build | Mill |
| 4:18 | Create | Villager (Male) |
| 4:36 | Create | Villager (Male) |
| 5:21 | Create | Villager (Male) |
| 5:42 | Create | Villager (Male) |
| 6:10 | Create | Villager (Male) |
| 6:11 | Create | Villager (Male) |
| 6:11 | Create | Villager (Male) |
| 7:09 | Create | Villager (Male) |
| 7:12 | Build | House |
| 7:38 | Build | Barracks |
| 8:14 | Create | Villager (Male) |
| 8:15 | Create | Villager (Male) |
| 8:15 | Create | Villager (Male) |
| 8:41 | Build | House |
| 8:53 | Research | Loom |
| 9:32 | Research | Feudal Age |
| 9:39 | Build | Mining Camp |
| 10:05 | Create | Villager (Male) |
| 10:06 | Create | Villager (Male) |
| 10:06 | Create | Villager (Male) |
| 12:04 | Age | Feudal Age |
| 12:18 | Build | Market |
| 12:34 | Build | Blacksmith |
| 13:27 | Research | Castle Age |
| 13:31 | Create | Villager (Male) |
| 13:31 | Create | Villager (Male) |
| 13:46 | Build | House |
| 13:48 | Build | House |
| 13:53 | Build | House |
| 14:00 | Research | Double-Bit Axe |
| 14:16 | Create | Villager (Male) |
| 15:34 | Research | Horse Collar |
| 16:07 | Age | Castle Age |
| 16:24 | Build | Town Center |
| 16:36 | Build | Farm |
| 16:37 | Build | Farm |
| 16:37 | Build | Farm |
| 16:46 | Build | Mining Camp |
| 16:53 | Build | Farm |
| 16:53 | Build | Farm |
| 16:57 | Research | Eagle Warrior (upgrade) |
| 17:44 | Create | Villager (Male) |
| 17:45 | Create | Villager (Male) |
| 17:47 | Research | Wheelbarrow |
| 17:48 | Create | Villager (Male) |
| 17:48 | Create | Villager (Male) |
| 18:20 | Build | Monastery |
| 18:55 | Build | Town Center |
| 18:59 | Create | Monk |
| 19:01 | Create | Monk |
| 19:10 | Create | Eagle Scout |
| 19:17 | Research | Scale Mail Armor |
| 19:22 | Create | Villager (Male) |
| 19:34 | Build | Farm |
| 19:34 | Build | Farm |
| 20:27 | Create | Eagle Scout |
| 21:39 | Create | Villager (Male) |
| 21:39 | Create | Villager (Male) |
| 21:40 | Create | Villager (Male) |
| 22:00 | Build | Farm |
| 22:00 | Build | Farm |
| 22:01 | Build | Farm |
| 22:02 | Build | Farm |
| 22:03 | Build | Farm |
| 22:29 | Create | Villager (Male) |
| 22:36 | Create | Eagle Scout |
| 22:46 | Create | Trade Cart |
| 22:47 | Create | Trade Cart |
| 23:00 | Create | Villager (Male) |
| 23:02 | Create | Villager (Male) |
| 23:29 | Create | Eagle Scout |
| 23:30 | Create | Eagle Scout |
| 23:31 | Create | Eagle Scout |
| 23:44 | Research | Gold Mining |
| 23:52 | Build | Farm |
| 23:53 | Build | Farm |
| 23:53 | Build | Farm |
| 23:54 | Build | Farm |
| 23:59 | Build | Farm |
| 24:04 | Create | Villager (Male) |
| 24:16 | Build | Farm |
| 24:17 | Build | Farm |
| 24:20 | Build | Farm |
| 24:31 | Build | Archery Range |
| 25:06 | Research | Chain Mail Armor |
| 26:13 | Create | Monk |
| 26:23 | Build | Archery Range |
| 26:39 | Research | Hand Cart |
| 26:52 | Build | Castle |
| 26:56 | Research | Stone Mining |
| 27:01 | Create | Villager (Male) |
| 27:02 | Create | Villager (Male) |
| 27:04 | Create | Villager (Male) |
| 27:04 | Create | Villager (Male) |
| 27:06 | Create | Villager (Male) |
| 27:08 | Create | Villager (Male) |
| 27:08 | Create | Villager (Male) |
| 27:08 | Create | Villager (Male) |
| 27:13 | Research | Bow Saw |
| 27:36 | Research | Fletching |
| 27:54 | Create | Monk |
| 28:05 | Build | House |
| 28:26 | Build | House |
| 28:27 | Build | House |
| 28:28 | Build | House |
| 28:31 | Build | House |
| 28:33 | Build | House |
| 28:35 | Build | House |
| 28:36 | Build | House |
| 28:38 | Build | House |
| 28:40 | Build | House |
| 28:42 | Build | House |
| 28:43 | Build | House |
| 28:45 | Build | House |
| 28:55 | Create | Villager (Male) |
| 28:55 | Create | Villager (Male) |
| 28:56 | Create | Villager (Male) |
| 28:56 | Create | Villager (Male) |
| 28:59 | Create | Villager (Male) |
| 28:59 | Create | Villager (Male) |
| 29:06 | Research | Squires |
| 29:07 | Create | Eagle Scout ×5 |
| 29:13 | Research | Thumb Ring |
| 29:25 | Create | Plumed Archer ×5 |
| 29:27 | Create | Plumed Archer |
| 29:47 | Create | Trade Cart |
| 29:52 | Create | Villager (Male) |
| 29:52 | Create | Villager (Male) |
| 30:40 | Create | Plumed Archer ×5 |
| 30:55 | Create | Villager (Male) |
| 30:56 | Create | Villager (Male) |
| 30:58 | Create | Villager (Male) |
| 30:58 | Create | Villager (Male) |
| 31:02 | Create | Villager (Male) |
| 31:02 | Create | Villager (Male) |
| 31:03 | Create | Villager (Male) |
| 31:08 | Create | Eagle Scout ×5 |
Build order — Yelmite
First 150 of 449 actions detected
| 0:01 | Create | Villager (Male) |
| 0:01 | Create | Villager (Male) |
| 0:02 | Create | Villager (Male) |
| 0:03 | Build | House |
| 0:05 | Build | House |
| 0:42 | Create | Villager (Male) |
| 0:42 | Create | Villager (Male) |
| 1:20 | Create | Villager (Male) |
| 2:37 | Create | Villager (Male) |
| 2:37 | Create | Villager (Male) |
| 2:48 | Create | Villager (Male) |
| 3:24 | Build | Settlement |
| 3:33 | Create | Villager (Male) |
| 3:33 | Create | Villager (Male) |
| 4:11 | Create | Villager (Male) |
| 4:36 | Create | Villager (Male) |
| 4:37 | Create | Villager (Male) |
| 5:28 | Create | Villager (Male) |
| 5:29 | Create | Villager (Male) |
| 6:10 | Build | House |
| 6:51 | Build | House |
| 6:59 | Create | Villager (Male) |
| 7:52 | Create | Villager (Male) |
| 7:53 | Create | Villager (Male) |
| 8:26 | Build | Farm |
| 8:27 | Build | Farm |
| 8:27 | Build | Farm |
| 8:31 | Build | Farm |
| 8:51 | Research | Feudal Age |
| 8:52 | Research | Feudal Age |
| 9:25 | Build | Settlement |
| 9:44 | Create | Villager (Male) |
| 11:01 | Age | Feudal Age |
| 11:20 | Build | Outpost |
| 11:28 | Create | Villager (Male) |
| 11:29 | Create | Villager (Male) |
| 11:30 | Create | Villager (Male) |
| 12:21 | Build | Blacksmith |
| 12:45 | Build | Market |
| 13:16 | Create | Villager (Male) |
| 13:26 | Build | Farm |
| 13:44 | Create | Villager (Male) |
| 13:51 | Build | Farm |
| 14:21 | Create | Villager (Male) |
| 15:03 | Research | Castle Age |
| 15:21 | Build | Outpost |
| 15:36 | Build | Settlement |
| 16:58 | Build | House |
| 16:59 | Build | House |
| 17:00 | Build | House |
| 17:01 | Build | House |
| 17:01 | Build | House |
| 17:02 | Build | House |
| 17:05 | Research | Double-Bit Axe |
| 17:06 | Research | Horse Collar |
| 17:21 | Build | Farm |
| 17:43 | Age | Castle Age |
| 18:00 | Build | Castle |
| 18:28 | Build | Outpost |
| 18:43 | Build | Monastery |
| 18:45 | Create | Villager (Male) |
| 19:10 | Create | Villager (Male) |
| 19:32 | Build | Farm |
| 19:34 | Create | Monk |
| 20:23 | Build | Outpost |
| 20:35 | Build | Town Center |
| 20:53 | Create | Villager (Male) |
| 20:53 | Create | Villager (Male) |
| 21:13 | Create | Unit 2579 |
| 21:14 | Create | Unit 2579 |
| 21:15 | Create | Unit 2579 |
| 21:42 | Build | Settlement |
| 21:46 | Create | Villager (Male) |
| 21:46 | Create | Villager (Male) |
| 22:43 | Build | Settlement |
| 22:52 | Create | Villager (Male) |
| 22:53 | Create | Villager (Male) |
| 23:14 | Build | Town Center |
| 23:42 | Build | Farm |
| 23:46 | Create | Villager (Male) |
| 23:47 | Create | Villager (Male) |
| 23:48 | Create | Villager (Male) |
| 23:49 | Create | Villager (Male) |
| 23:50 | Create | Villager (Male) |
| 23:50 | Create | Villager (Male) |
| 24:10 | Build | Outpost |
| 24:17 | Build | Outpost |
| 24:19 | Build | Outpost |
| 24:21 | Build | Outpost |
| 24:27 | Build | Outpost |
| 24:41 | Research | Loom |
| 24:57 | Create | Villager (Male) |
| 24:57 | Create | Villager (Male) |
| 25:05 | Create | Unit 2579 |
| 25:05 | Create | Unit 2579 |
| 25:06 | Create | Unit 2579 |
| 25:11 | Research | Fletching |
| 25:12 | Research | Padded Archer Armor |
| 25:31 | Create | Villager (Male) |
| 25:31 | Create | Villager (Male) |
| 25:48 | Create | Villager (Male) |
| 25:49 | Create | Villager (Male) |
| 25:50 | Create | Villager (Male) |
| 25:56 | Create | Villager (Male) |
| 25:56 | Create | Villager (Male) |
| 25:57 | Create | Villager (Male) |
| 26:03 | Research | Bow Saw |
| 26:16 | Create | Unit 2579 |
| 26:16 | Create | Unit 2579 |
| 26:17 | Create | Unit 2579 |
| 26:36 | Create | Villager (Male) |
| 26:37 | Create | Villager (Male) |
| 26:57 | Create | Villager (Male) |
| 26:57 | Create | Villager (Male) |
| 27:01 | Create | Unit 2579 |
| 27:01 | Create | Unit 2579 |
| 27:05 | Research | Bodkin Arrow |
| 27:14 | Create | Villager (Male) |
| 27:47 | Create | Unit 2579 |
| 27:47 | Create | Unit 2579 |
| 27:47 | Create | Unit 2579 |
| 27:48 | Create | Unit 2579 |
| 28:07 | Create | Unit 2579 |
| 28:07 | Create | Unit 2579 |
| 28:13 | Research | Leather Archer Armor |
| 28:45 | Create | Unit 2579 |
| 28:45 | Create | Unit 2579 |
| 29:33 | Create | Unit 2579 |
| 29:34 | Create | Unit 2579 |
| 29:36 | Build | Farm |
| 29:37 | Build | Farm |
| 29:37 | Build | Farm |
| 29:37 | Build | Farm |
| 29:39 | Create | Villager (Male) |
| 29:39 | Create | Villager (Male) |
| 29:47 | Build | Farm |
| 29:47 | Build | Farm |
| 29:48 | Build | Farm |
| 29:48 | Build | Farm |
| 29:48 | Build | Farm |
| 29:48 | Build | Farm |
| 29:49 | Build | Farm |
| 29:53 | Create | Villager (Male) |
| 29:53 | Create | Villager (Male) |
| 29:54 | Create | Villager (Male) |
| 29:55 | Create | Villager (Male) |
| 30:24 | Build | Farm |
| 30:26 | Build | Farm |
| 30:46 | Create | Unit 2579 |
| 30:46 | Create | Unit 2579 |
Build order — RAFAEL CORREA DELGADO
First 150 of 183 actions detected
| 0:39 | Build | House |
| 0:41 | Build | House |
| 1:11 | Research | Loom |
| 1:12 | Create | Villager (Male) ×4 |
| 1:26 | Build | House |
| 1:27 | Build | House |
| 1:33 | Build | Lumber Camp |
| 2:13 | Create | Villager (Male) |
| 3:24 | Create | Villager (Male) |
| 3:24 | Create | Villager (Male) |
| 4:10 | Create | Villager (Male) |
| 4:30 | Create | Villager (Male) |
| 4:54 | Create | Villager (Male) |
| 5:01 | Create | Villager (Male) |
| 5:38 | Create | Villager (Male) |
| 6:46 | Build | Mill |
| 7:16 | Create | Villager (Male) |
| 7:16 | Create | Villager (Male) |
| 7:17 | Create | Villager (Male) |
| 7:28 | Build | Farm |
| 7:44 | Build | Farm |
| 7:50 | Create | Villager (Male) |
| 7:51 | Create | Villager (Male) |
| 7:53 | Create | Villager (Male) |
| 8:11 | Build | Farm |
| 8:35 | Build | Farm |
| 9:36 | Build | Farm |
| 9:40 | Create | Villager (Male) |
| 9:42 | Create | Villager (Male) |
| 9:50 | Build | House |
| 9:52 | Build | House |
| 9:55 | Build | House |
| 10:10 | Build | Farm |
| 10:18 | Build | Farm |
| 10:40 | Build | Farm |
| 10:57 | Create | Villager (Male) |
| 11:10 | Create | Villager (Male) |
| 11:28 | Build | Mining Camp |
| 11:32 | Create | Villager (Male) |
| 11:33 | Create | Villager (Male) |
| 11:49 | Research | Feudal Age |
| 14:47 | Age | Feudal Age |
| 14:52 | Build | Market |
| 14:58 | Build | Blacksmith |
| 15:03 | Research | Horse Collar |
| 15:15 | Research | Double-Bit Axe |
| 15:40 | Research | Castle Age |
| 15:48 | Build | Barracks |
| 17:47 | Build | Farm |
| 18:19 | Build | Mining Camp |
| 18:20 | Age | Castle Age |
| 18:26 | Create | Villager (Male) |
| 18:27 | Create | Villager (Male) |
| 18:27 | Create | Villager (Male) |
| 18:32 | Research | Padded Archer Armor |
| 18:34 | Research | Fletching |
| 18:35 | Research | Scale Barding Armor |
| 18:37 | Research | Forging |
| 19:04 | Research | Heavy Plow |
| 19:29 | Build | Stable |
| 19:40 | Build | House |
| 19:41 | Build | House |
| 19:45 | Build | House |
| 19:46 | Build | House |
| 20:10 | Build | Farm |
| 20:16 | Create | Villager (Male) |
| 20:49 | Create | Villager (Male) |
| 21:03 | Create | Villager (Male) |
| 21:04 | Create | Villager (Male) |
| 21:04 | Create | Villager (Male) |
| 21:07 | Research | Husbandry |
| 21:22 | Build | Farm |
| 21:43 | Build | Farm |
| 21:47 | Create | Villager (Male) |
| 21:52 | Create | Battle Elephant |
| 22:10 | Create | Villager (Male) |
| 22:22 | Build | Monastery |
| 22:28 | Build | Farm |
| 22:40 | Create | Villager (Male) |
| 23:20 | Create | Battle Elephant |
| 23:28 | Create | Villager (Male) |
| 23:41 | Create | Monk |
| 23:51 | Build | House |
| 23:52 | Build | House |
| 23:54 | Build | House |
| 24:05 | Build | Mill |
| 24:14 | Build | Farm |
| 24:19 | Build | Farm |
| 24:54 | Build | Farm |
| 25:08 | Build | Castle |
| 25:15 | Create | Villager (Male) |
| 25:15 | Create | Villager (Male) |
| 25:16 | Create | Villager (Male) |
| 25:17 | Create | Villager (Male) |
| 25:50 | Build | Farm |
| 26:42 | Build | Farm |
| 26:48 | Research | Bow Saw |
| 26:53 | Research | Iron Casting |
| 26:54 | Research | Chain Barding Armor |
| 26:56 | Research | Bodkin Arrow |
| 26:57 | Research | Leather Archer Armor |
| 27:19 | Build | Farm |
| 27:46 | Build | Stable |
| 27:52 | Build | House |
| 27:53 | Build | House |
| 27:55 | Build | House |
| 28:53 | Build | Town Center |
| 30:48 | Build | Stable |
| 30:54 | Build | Stable |
| 30:59 | Build | Archery Range |
| 31:04 | Build | Archery Range |
| 31:10 | Create | Villager (Male) |
| 31:10 | Create | Villager (Male) |
| 31:11 | Create | Villager (Male) |
| 31:12 | Create | Villager (Male) |
| 31:13 | Create | Villager (Male) |
| 31:37 | Research | Devotion |
| 31:47 | Build | Farm |
| 32:30 | Build | University |
| 32:43 | Build | Farm |
| 32:52 | Build | Farm |
| 33:00 | Research | Imperial Age |
| 33:05 | Research | Wheelbarrow |
| 33:19 | Research | Gold Mining |
| 33:22 | Research | Stone Mining |
| 33:35 | Research | Light Cavalry (upgrade) |
| 34:13 | Build | Mill |
| 34:23 | Build | Farm |
| 34:35 | Build | Farm |
| 34:44 | Create | Scout Cavalry ×5 |
| 34:45 | Create | Scout Cavalry ×2 |
| 35:04 | Create | Scout Cavalry ×2 |
| 35:30 | Create | Scout Cavalry ×2 |
| 35:50 | Create | Villager (Male) |
| 36:22 | Create | Scout Cavalry ×5 |
| 36:25 | Age | Imperial Age |
| 36:50 | Research | Town Watch |
| 37:13 | Research | Murder Holes |
| 37:15 | Research | Ballistics |
| 37:31 | Create | Villager (Male) |
| 37:31 | Create | Villager (Male) |
| 37:31 | Create | Villager (Male) |
| 37:32 | Create | Villager (Male) |
| 38:41 | Build | Siege Workshop |
| 38:43 | Build | Siege Workshop |
| 38:45 | Build | Siege Workshop |
| 38:48 | Build | Siege Workshop |
| 39:04 | Create | Scout Cavalry ×5 |
| 39:05 | Create | Scout Cavalry ×5 |
| 39:17 | Build | Farm |
Build order — Ringed_bagels
First 150 of 479 actions detected
| 0:04 | Build | House |
| 0:06 | Build | House |
| 0:13 | Create | Villager (Male) |
| 0:14 | Create | Villager (Male) |
| 0:14 | Create | Villager (Male) |
| 0:14 | Create | Villager (Male) |
| 0:14 | Create | Villager (Male) |
| 1:39 | Create | Villager (Male) |
| 1:59 | Build | Lumber Camp |
| 2:29 | Create | Villager (Male) |
| 3:01 | Create | Villager (Male) |
| 3:02 | Create | Villager (Male) |
| 3:02 | Create | Villager (Male) |
| 3:04 | Research | Loom |
| 4:04 | Build | Mining Camp |
| 4:05 | Create | Villager (Male) |
| 4:06 | Create | Villager (Male) |
| 4:47 | Create | Villager (Male) |
| 4:47 | Create | Villager (Male) |
| 5:09 | Build | House |
| 5:33 | Create | Villager (Male) |
| 6:19 | Build | House |
| 6:53 | Create | Villager (Male) |
| 6:53 | Create | Villager (Male) |
| 6:53 | Create | Villager (Male) |
| 7:31 | Build | House |
| 9:32 | Create | Villager (Male) |
| 9:32 | Create | Villager (Male) |
| 9:32 | Create | Villager (Male) |
| 9:32 | Create | Villager (Male) |
| 9:41 | Build | House |
| 9:43 | Build | House |
| 11:28 | Research | Feudal Age |
| 13:38 | Age | Feudal Age |
| 14:14 | Build | Mill |
| 14:37 | Build | Blacksmith |
| 14:38 | Create | Villager (Male) |
| 14:38 | Create | Villager (Male) |
| 14:38 | Create | Villager (Male) |
| 14:39 | Create | Villager (Male) |
| 14:39 | Create | Villager (Male) |
| 14:39 | Create | Villager (Male) |
| 15:03 | Create | Villager (Male) |
| 15:03 | Create | Villager (Male) |
| 15:05 | Build | Farm |
| 15:28 | Build | Farm |
| 15:31 | Build | Farm |
| 15:36 | Build | Farm |
| 15:42 | Build | Farm |
| 15:45 | Build | Farm |
| 15:50 | Build | Farm |
| 15:54 | Build | Farm |
| 16:07 | Build | Farm |
| 16:10 | Build | Farm |
| 16:24 | Build | Barracks |
| 16:27 | Research | Double-Bit Axe |
| 16:57 | Research | Scale Mail Armor |
| 16:58 | Research | Forging |
| 17:02 | Build | Farm |
| 17:11 | Create | Spearman |
| 17:11 | Create | Spearman |
| 17:11 | Create | Spearman |
| 17:11 | Create | Spearman |
| 17:46 | Build | Lumber Camp |
| 17:54 | Build | Farm |
| 18:25 | Build | Mining Camp |
| 18:35 | Build | Farm |
| 19:28 | Create | Villager (Male) |
| 19:28 | Create | Villager (Male) |
| 19:28 | Create | Villager (Male) |
| 19:28 | Create | Villager (Male) |
| 19:29 | Create | Villager (Male) |
| 19:59 | Build | House |
| 20:01 | Build | House |
| 20:06 | Build | Farm |
| 20:26 | Build | Farm |
| 20:30 | Create | Villager (Male) |
| 20:30 | Create | Villager (Male) |
| 20:31 | Create | Villager (Male) |
| 20:31 | Create | Villager (Male) |
| 20:45 | Build | House |
| 20:46 | Build | House |
| 20:47 | Create | Militia |
| 20:47 | Create | Militia |
| 20:48 | Create | Militia |
| 20:49 | Create | Militia |
| 20:49 | Create | Militia |
| 20:51 | Create | Spearman |
| 21:32 | Build | Watch Tower |
| 21:34 | Build | Watch Tower |
| 21:53 | Create | Villager (Male) |
| 21:53 | Create | Villager (Male) |
| 21:53 | Create | Villager (Male) |
| 22:05 | Build | Mining Camp |
| 22:36 | Create | Spearman |
| 22:36 | Create | Spearman |
| 22:36 | Create | Spearman |
| 22:36 | Create | Spearman |
| 22:36 | Create | Spearman |
| 22:37 | Create | Spearman |
| 22:37 | Create | Spearman |
| 23:22 | Build | Market |
| 23:33 | Build | Watch Tower |
| 23:58 | Create | Spearman |
| 23:58 | Create | Spearman |
| 23:59 | Create | Spearman |
| 23:59 | Create | Spearman |
| 23:59 | Create | Spearman |
| 23:59 | Create | Spearman |
| 24:08 | Research | Castle Age |
| 24:09 | Create | Villager (Male) |
| 24:09 | Create | Villager (Male) |
| 24:09 | Create | Villager (Male) |
| 25:11 | Build | Barracks |
| 25:36 | Create | Militia |
| 25:37 | Create | Militia |
| 25:37 | Create | Militia |
| 25:37 | Create | Militia |
| 25:37 | Create | Militia |
| 25:37 | Create | Militia |
| 25:38 | Create | Militia |
| 25:56 | Build | House |
| 25:59 | Build | House |
| 26:01 | Build | House |
| 26:07 | Build | House |
| 26:14 | Create | Militia |
| 26:14 | Create | Militia |
| 26:15 | Create | Militia |
| 26:15 | Create | Militia |
| 26:21 | Build | Farm |
| 26:48 | Age | Castle Age |
| 28:48 | Build | Farm |
| 28:51 | Build | Farm |
| 29:02 | Build | Farm |
| 29:19 | Create | Villager (Male) |
| 29:19 | Create | Villager (Male) |
| 29:19 | Create | Villager (Male) |
| 29:19 | Create | Villager (Male) |
| 29:19 | Create | Villager (Male) |
| 29:20 | Create | Villager (Male) |
| 29:20 | Create | Villager (Male) |
| 29:20 | Create | Villager (Male) |
| 29:23 | Create | Villager (Male) |
| 29:23 | Create | Villager (Male) |
| 29:30 | Build | House |
| 29:32 | Build | House |
| 29:41 | Build | Farm |
| 30:40 | Build | Town Center |
| 30:59 | Build | Farm |
| 31:24 | Build | Barracks |
Build order — EL SANTO PADRE EL ORIGINAL
First 150 of 528 actions detected
| 0:02 | Create | Villager (Male) |
| 0:03 | Create | Villager (Male) |
| 0:03 | Create | Villager (Male) |
| 0:03 | Create | Villager (Male) |
| 0:04 | Create | Villager (Male) |
| 0:06 | Build | House |
| 0:08 | Build | House |
| 0:46 | Research | Loom |
| 1:57 | Create | Villager (Male) |
| 1:57 | Create | Villager (Male) |
| 2:03 | Create | Villager (Male) |
| 2:39 | Create | Villager (Male) |
| 2:39 | Create | Villager (Male) |
| 2:52 | Create | Villager (Male) |
| 2:53 | Create | Villager (Male) |
| 3:37 | Create | Villager (Male) |
| 3:37 | Create | Villager (Male) |
| 3:37 | Create | Villager (Male) |
| 3:55 | Build | House |
| 3:57 | Build | House |
| 4:01 | Create | Villager (Male) |
| 4:02 | Create | Villager (Male) |
| 4:25 | Build | Lumber Camp |
| 4:28 | Create | Villager (Male) |
| 4:28 | Create | Villager (Male) |
| 4:28 | Create | Villager (Male) |
| 4:46 | Create | Villager (Male) |
| 4:47 | Create | Villager (Male) |
| 4:54 | Create | Villager (Male) |
| 4:54 | Create | Villager (Male) |
| 5:24 | Create | Villager (Male) |
| 5:24 | Create | Villager (Male) |
| 5:41 | Create | Villager (Male) |
| 5:41 | Create | Villager (Male) |
| 5:57 | Create | Villager (Male) |
| 5:57 | Create | Villager (Male) |
| 6:55 | Create | Villager (Male) |
| 6:55 | Create | Villager (Male) |
| 6:55 | Create | Villager (Male) |
| 7:06 | Build | Lumber Camp |
| 7:21 | Create | Villager (Male) |
| 7:21 | Create | Villager (Male) |
| 7:32 | Build | House |
| 7:33 | Build | House |
| 8:56 | Build | Mill |
| 9:22 | Build | Farm |
| 9:27 | Build | Farm |
| 9:30 | Build | Farm |
| 9:35 | Build | Farm |
| 9:39 | Build | Farm |
| 9:46 | Build | Barracks |
| 9:51 | Build | Farm |
| 9:57 | Build | Farm |
| 10:32 | Build | Farm |
| 10:43 | Build | House |
| 10:44 | Build | House |
| 10:46 | Build | House |
| 10:48 | Build | House |
| 11:04 | Build | Mining Camp |
| 11:09 | Research | Feudal Age |
| 11:23 | Build | Farm |
| 11:51 | Build | Mining Camp |
| 12:08 | Create | Villager (Male) |
| 12:08 | Create | Villager (Male) |
| 12:08 | Create | Villager (Male) |
| 12:09 | Create | Villager (Male) |
| 12:09 | Create | Villager (Male) |
| 12:31 | Create | Villager (Male) |
| 12:31 | Create | Villager (Male) |
| 12:32 | Create | Villager (Male) |
| 12:47 | Build | House |
| 12:51 | Build | House |
| 13:19 | Age | Feudal Age |
| 13:28 | Research | Horse Collar |
| 13:34 | Research | Double-Bit Axe |
| 13:53 | Build | Stable |
| 13:57 | Create | Spearman |
| 13:57 | Create | Spearman |
| 13:57 | Create | Spearman |
| 13:58 | Create | Spearman |
| 14:05 | Create | Spearman |
| 14:22 | Create | Spearman |
| 14:23 | Create | Spearman |
| 14:23 | Create | Spearman |
| 14:40 | Build | Farm |
| 14:44 | Build | Farm |
| 14:51 | Build | Farm |
| 15:22 | Build | Outpost |
| 15:35 | Research | Wheelbarrow |
| 15:51 | Build | Blacksmith |
| 16:13 | Build | Farm |
| 16:37 | Build | House |
| 16:38 | Build | House |
| 16:39 | Build | House |
| 16:40 | Build | House |
| 18:13 | Research | Castle Age |
| 19:32 | Build | House |
| 19:34 | Build | House |
| 19:35 | Build | House |
| 19:35 | Build | House |
| 19:36 | Build | House |
| 19:58 | Create | Villager (Male) |
| 19:58 | Create | Villager (Male) |
| 19:58 | Create | Villager (Male) |
| 19:58 | Create | Villager (Male) |
| 19:59 | Create | Villager (Male) |
| 19:59 | Create | Villager (Male) |
| 19:59 | Create | Villager (Male) |
| 20:05 | Build | Lumber Camp |
| 20:42 | Research | Gold Mining |
| 20:48 | Research | Scale Mail Armor |
| 20:49 | Research | Forging |
| 20:53 | Age | Castle Age |
| 21:02 | Build | Castle |
| 21:12 | Create | Knight |
| 21:12 | Create | Knight |
| 21:13 | Create | Knight |
| 21:13 | Create | Knight |
| 21:43 | Research | Heavy Plow |
| 22:12 | Create | Knight |
| 22:38 | Research | Pikeman (upgrade) |
| 22:39 | Create | Spearman |
| 22:40 | Create | Spearman |
| 22:40 | Create | Spearman |
| 22:48 | Build | Farm |
| 22:52 | Build | Farm |
| 22:58 | Build | Farm |
| 23:02 | Build | Farm |
| 23:08 | Build | Farm |
| 23:54 | Create | Woad Raider |
| 23:54 | Create | Woad Raider |
| 23:55 | Create | Woad Raider |
| 23:55 | Create | Woad Raider |
| 23:55 | Create | Woad Raider |
| 23:55 | Create | Woad Raider |
| 24:30 | Create | Woad Raider |
| 24:31 | Create | Woad Raider |
| 24:31 | Create | Woad Raider |
| 24:31 | Create | Woad Raider |
| 24:31 | Create | Woad Raider |
| 25:39 | Create | Villager (Male) |
| 25:40 | Research | Hand Cart |
| 25:48 | Build | Farm |
| 25:54 | Build | Farm |
| 26:05 | Research | Stone Mining |
| 26:08 | Create | Villager (Male) |
| 26:08 | Create | Villager (Male) |
| 26:08 | Create | Villager (Male) |
| 26:09 | Create | Villager (Male) |
| 26:09 | Create | Villager (Male) |
Match timeline
| 7:38 | AirPerrone · first_building Barracks |
| 8:08 | EL_PUERCO_REDENTOR · wall_segment Palisade Wall x3 |
| 9:46 | EL SANTO PADRE EL ORIGINAL · first_building Barracks |
| 10:06 | EL_PUERCO_REDENTOR · wall_segment Palisade Wall x3 |
| 11:01 | Yelmite · age_up feudal |
| 11:57 | EL_PUERCO_REDENTOR · first_building Barracks |
| 12:04 | AirPerrone · age_up feudal |
| 13:19 | EL SANTO PADRE EL ORIGINAL · age_up feudal |
| 13:38 | Ringed_bagels · age_up feudal |
| 13:53 | EL SANTO PADRE EL ORIGINAL · first_building Stable |
| 14:47 | RAFAEL CORREA DELGADO · age_up feudal |
| 14:48 | Yelmite · first_market_buy 100 food |
| 15:30 | EL_PUERCO_REDENTOR · age_up feudal |
| 15:48 | RAFAEL CORREA DELGADO · first_building Barracks |
| 16:07 | AirPerrone · age_up castle |
| 16:24 | Ringed_bagels · first_building Barracks |
| 17:43 | Yelmite · age_up castle |
| 18:00 | Yelmite · first_building Castle |
| 18:01 | EL_PUERCO_REDENTOR · first_building Stable |
| 18:20 | RAFAEL CORREA DELGADO · age_up castle |
| 18:20 | AirPerrone · first_building Monastery |
| 18:43 | Yelmite · first_building Monastery |
| 19:29 | RAFAEL CORREA DELGADO · first_building Stable |
| 20:53 | EL SANTO PADRE EL ORIGINAL · age_up castle |
| 21:02 | EL SANTO PADRE EL ORIGINAL · first_building Castle |
| 22:22 | RAFAEL CORREA DELGADO · first_building Monastery |
| 22:41 | EL_PUERCO_REDENTOR · age_up castle |
| 22:54 | EL_PUERCO_REDENTOR · first_building Castle |
| 23:03 | Yelmite · first_market_sell 100 food |
| 24:31 | AirPerrone · first_building Archery Range |
| 25:08 | RAFAEL CORREA DELGADO · first_building Castle |
| 26:48 | Ringed_bagels · age_up castle |
| 26:52 | AirPerrone · first_building Castle |
| 27:32 | EL_PUERCO_REDENTOR · wall_segment Stone Wall x5 |
| 28:29 | EL_PUERCO_REDENTOR · wall_segment Stone Wall x3 |
| 30:51 | EL_PUERCO_REDENTOR · first_building Monastery |
| 30:59 | RAFAEL CORREA DELGADO · first_building Archery Range |
| 32:02 | Yelmite · first_building Barracks |
| 33:21 | EL SANTO PADRE EL ORIGINAL · first_building Monastery |
| 34:57 | EL SANTO PADRE EL ORIGINAL · age_up imperial |
| 35:23 | AirPerrone · first_market_buy 100 food |
| 35:27 | AirPerrone · first_market_sell 100 wood |
| 36:25 | RAFAEL CORREA DELGADO · age_up imperial |
| 37:10 | Ringed_bagels · first_building Monastery |
| 37:27 | Yelmite · age_up imperial |
| 38:38 | Ringed_bagels · first_building Castle |
| 38:41 | RAFAEL CORREA DELGADO · first_building Siege Workshop |
| 39:06 | AirPerrone · age_up imperial |
| 40:17 | EL_PUERCO_REDENTOR · first_building Siege Workshop |
| 42:27 | EL_PUERCO_REDENTOR · age_up imperial |
| 46:33 | EL_PUERCO_REDENTOR · first_building Archery Range |
| 47:19 | EL SANTO PADRE EL ORIGINAL · first_building Siege Workshop |
| 52:57 | Ringed_bagels · first_building Siege Workshop |
| 55:19 | RAFAEL CORREA DELGADO · resign |
| 60:03 | Ringed_bagels · first_market_sell 100 food |
| 63:20 | Ringed_bagels · age_up imperial |
| 69:40 | Yelmite · tribute_sent a jugador 1 |
| 69:40 | Yelmite · tribute_sent a jugador 2 |
| 69:40 | Yelmite · tribute_sent a jugador 4 |
| 69:40 | Yelmite · tribute_sent a jugador 5 |
| 69:40 | Yelmite · tribute_sent a jugador 6 |
[ AI ANALYSIS · 1 CREDIT ]
What really happened in this match?
Wolo.gg analyzes every decision: build order, eco, micro, common mistakes by bracket. Personalized analysis on WhatsApp or Discord in 30 seconds.
Civ guide
Romans
Map guide
MegaRandom
Perfil
EL_PUERCO_REDENTOR